 Dungeon Crawl Stone Soup version 0.22-a0-608-g8a62e23 (webtiles) character file.

26598 kae the Fencer (level 12, -5/112 HPs)
             Began as a Minotaur Fighter on July 9, 2018.
             Was a High Priest of Okawaru.
             Slain by an angel
             ... wielding a +1 whip of holy wrath
              (9 damage)
             ... on level 2 of the Abyss.
             The game lasted 00:13:29 (16595 turns).

kae the Fencer (Minotaur Fighter)                  Turns: 16595, Time: 00:13:29

Health: -5/112     AC: 14    Str: 25    XL:     12   Next: 99%
Magic:  17/17      EV: 14    Int:  8    God:    Okawaru [*****.]
Gold:   1067       SH:  7    Dex: 10    Spells: 11/11 levels left

rFire    . . .     SeeInvis +   a - +1 long sword (drain)
rCold    . . .     Gourm    .   r - +1 buckler
rNeg     . . .     Faith    .   b - +0 scale mail
rPois    +         Spirit   .   V - +0 hat {SInv}
rElec    .         Reflect  .   o - +0 cloak
rCorr    .         Harm     .   (no gloves)
MR       .....                  N - +0 pair of boots {run}
Stlth    +.........             (no amulet)
HPRegen  0.28/turn              O - +2 ring of intelligence
MPRegen  0.15/turn              F - ring of poison resistance

@: heroism, hasted and slowed, glowing, quick
A: retaliatory headbutt, horns 2
a: Heroism, Finesse, Renounce Religion


You were on level 2 of the Abyss.
You worshipped Okawaru.
Okawaru was extremely pleased with you.
You were hungry.

You visited 3 branches of the dungeon, and saw 16 of its levels.
You visited the Abyss 1 time.
You also visited: Sewer.

You collected 1067 gold pieces.

Inventory:

Hand Weapons
 a - a +1 long sword of draining (weapon)
Armour
 b - a +0 scale mail (worn)
 c - a +0 shield
 o - a +0 cloak (worn)
 r - a +1 buckler (worn)
 y - a +0 pair of boots
 N - a +0 pair of boots of running (worn)
 V - a +0 hat of see invisible (worn)
Jewellery
 u - an uncursed ring of wizardry
 D - an uncursed ring of magical power
 F - a ring of poison resistance (right hand)
 O - a +2 ring of intelligence (left hand)
 R - a cursed ring of loudness {unknown}
 T - a +3 ring of protection {unknown}
Wands
 h - a wand of disintegration (5)
 z - a wand of polymorph (10)
 A - a wand of acid (5)
 B - a wand of flame (70)
 C - a wand of scattershot (7)
 J - a wand of digging (26)
 K - a wand of iceblast (24)
 L - a wand of random effects (55)
Scrolls
 e - 10 scrolls of remove curse
 g - 4 scrolls of immolation
 i - 7 scrolls of teleportation
 m - 4 scrolls of magic mapping
 n - a scroll of enchant armour
 s - 2 scrolls of enchant weapon
 t - 8 scrolls of identify
 w - 2 scrolls of brand weapon
 G - a scroll of amnesia
 H - a scroll of blinking
 M - 2 scrolls of fog
 P - a scroll of fear
 Q - a scroll of holy word
Potions
 d - a potion of cancellation
 j - 2 potions of mutation
 k - 6 potions of curing
 l - 3 potions of agility
 p - 4 potions of flight
 q - a potion of heal wounds
 v - 2 potions of resistance
 x - a potion of invisibility
 E - 2 potions of brilliance
 I - a potion of haste
 U - a potion of ambrosia {unknown}
Comestibles
 f - 30 rations


   Skills:
 + Level 12.3(17.3) Fighting
 * Level 16.0(21.0) Long Blades
 + Level 12.2(17.2) Armour
 - Level 4.0(9.0) Dodging
 - Level 4.0(9.0) Shields
 + Level 8.3 Invocations
 + Level 2.3 Evocations


You had 11 spell levels left.
You didn't know any spells.
Your spell library contained the following spells:

 Spells                   Type           Power        Failure   Level  Hunger
 Mephitic Cloud           Conj/Pois/Air  #.......     92%         3    ####...
 Venom Bolt               Conj/Pois      #.........   100%        5    ######.
 Olgreb's Toxic Radiance  Pois           #.......     100%        4    #####..
 Animate Dead             Necr           N/A          100%        4    #####..
 Pain                     Necr           #...         58%         1    ##.....
 Animate Skeleton         Necr           N/A          58%         1    ##.....
 Vampiric Draining        Necr           #.........   92%         3    ####...
 Regeneration             Chrm/Necr      #.........   92%         3    ####...
 Sting                    Conj/Pois      #...         58%         1    ##.....
 Sublimation of Blood     Necr           #.........   75%         2    ###....
 Spider Form              Tmut/Pois      #.........   92%         3    ####...
 Blade Hands              Tmut           #.........   100%        5    ######.
 Ice Form                 Ice/Tmut       #.......     100%        4    #####..
 Ignite Poison            Fire/Tmut/Pois #.......     92%         3    ####...
 Sticks to Snakes         Tmut           #.......     75%         2    ###....
 Alistair's Intoxication  Tmut/Pois      #.......     100%        5    ######.
 Petrify                  Tmut/Erth      #.......     100%        4    #####..
 Beastly Appendage        Tmut           #.....       58%         1    ##.....
 Irradiate                Conj/Tmut      #.........   100%        5    ######.
 Poisonous Vapours        Pois/Air       #.....       75%         2    ###....


Dungeon Overview and Level Annotations

Branches:
Dungeon (12/15)            Temple (1/1) D:7            Lair (3/6) D:9
 Shoals (0/4) Lair:2        Snake (0/4) Lair:3          Orc (0/2) D:10

Altars:
Ashenzari
Cheibriados
Dithmenos
Elyvilon
Fedhas
Gozag
Hepliaklqana
Kikubaaqudgha
Makhleb
Nemelex Xobeh
Okawaru
Qazlal
Ru
Sif Muna
Trog
Uskayaw
Vehumet
Wu Jian
Xom
Yredelemnul
Zin
The Shining One

Portals:
Trove: D:12 (show abyssal rune of Zot)

Annotations:
D:12 1 runed door, inmateoo's ghost, journeyman VSAK
Lair:3 Sonja


Innate Abilities, Weirdness & Mutations

You reflexively headbutt those who attack you in melee.
You have a pair of horns on your head.


Message History

* * * LOW HITPOINT WARNING * * *
The angel hits you but does no damage.
The angel hits you with a whip of holy wrath.
* * * LOW HITPOINT WARNING * * *
You slice the angel!! You headbutt the angel!
The angel is almost dead.
The angel gestures.
The angel is healed somewhat.
You slash the angel! Your headbutt misses the angel.
The angel is almost dead.
The angel hits you but does no damage. x2
You hit the angel. Your headbutt misses the angel.
The angel is almost dead.
The angel hits you with a whip of holy wrath!!
* * * LOW HITPOINT WARNING * * *
The angel hits you but does no damage.
You miss the angel. Your headbutt misses the angel.
The angel is almost dead.
The angel hits you with a whip of holy wrath!
You die...

≈≈≈ . # ≈≈≈ #
. # ≈. . .. #.
≈≈ .# #. ≈ # #
.##.# ## ≈##
##.##A...# ##
#. . #...
#...@## #
#.......#.##..
#. .# #
#.#####. ## #
# . #. ..# #
..# . ## ###..
# ...#.. .# .
# #.#. .#. # #
..### # # # #
# . .. . .


You could see an angel.

Vanquished Creatures
  Gastronok (Lair:2)
  3 hydras
  4 two-headed ogres
  2 ugly things (D:12)
  A cyclops (D:12)
  6 elephants (Lair:3)
  Joseph (D:7)
  A guardian serpent (Abyss:2)
  A centaur skeleton (D:11)
  4 spiny frogs
  A gargoyle (D:11)
  A rime drake (Lair:3)
  3 komodo dragons
  2 trolls
  Prince Ribbit (D:7)
  A hornet (D:11)
  2 raiju (Abyss:2)
  A wraith (D:10)
  A shadow (D:12)
  A wyvern (D:12)
  18 yaks
  A basilisk (Lair:2)
  A hungry ghost (D:10)
  A steam dragon (D:12)
  4 nagas (Lair:3)
  2 wargs (D:10)
  6 water moccasins
  2 hell hounds (D:9)
  4 porcupines (Lair:1)
  A sky beast (D:10)
  5 ice beasts
  3 orc warriors
  8 wolves
  3 ogres
  16 centaurs
  5 crocodiles
  2 big kobolds
  6 bullfrogs
  A wyvern zombie (D:12)
  2 scorpions
  16 killer bees
  4 wights (D:10)
  A howler monkey (D:4)
  4 centaur zombies
  4 crimson imps
  3 quasits
  2 bullfrog zombies
  6 jellies
  8 orc priests
  A bullfrog skeleton (D:8)
  4 hounds
  8 orc wizards
  Crazy Yiuf (D:2)
  9 worker ants
  An iguana (D:8)
  A small abomination (Abyss:2)
  A hound zombie (D:10)
  A worker ant zombie (D:7)
  11 gnolls
  A howler monkey skeleton (D:9)
  10 adders
  3 shadow imps
  6 oozes
  4 adder zombies
  2 worms
  3 dart slugs (D:1)
  9 leopard geckos
  44 orcs
  A ball python (D:5)
  7 giant cockroaches
  9 goblins
  7 hobgoblins
  14 jackals
  15 kobolds
  5 quokkas
  7 bats
  6 frilled lizards
  13 rats
381 creatures vanquished.

Vanquished Creatures (others)
  A quokka (D:6)
  65 fungi
  22 plants
88 creatures vanquished.

Grand Total: 469 creatures vanquished

Notes
Turn   | Place    | Note
-------+----------+-------------------------------------------
     0 | D:1      | kae the Minotaur Fighter began the quest for the Orb.
     0 | D:1      | Reached XP level 1. HP: 19/19 MP: 0/0
   132 | D:1      | Reached XP level 2. HP: 24/27 MP: 1/1
   138 | D:1      | Reached skill level 3 in Long Blades
   249 | D:1      | Reached skill level 1 in Dodging
   508 | D:1      | Reached XP level 3. HP: 30/33 MP: 2/2
   818 | D:2      | Found a snail-covered altar of Cheibriados.
  1064 | D:2      | Reached XP level 4. HP: 40/40 MP: 3/3
  1126 | D:2      | Found a runed door.
  1490 | D:2      | Noticed Crazy Yiuf
  1495 | D:2      | Killed Crazy Yiuf
  1495 | D:2      | Reached skill level 4 in Long Blades
  1932 | D:3      | Reached XP level 5. HP: 32/47 MP: 4/4
  2175 | D:3      | Found a glowing drain.
  2179 | Sewer    | Entered a sewer
  2258 | Sewer    | Reached skill level 5 in Long Blades
  2335 | Sewer    | Found a glowing silver altar of Zin.
  2632 | D:3      | Found a shadowy altar of Dithmenos.
  2712 | D:4      | Reached XP level 6. HP: 36/55 MP: 5/5
  2761 | D:4      | Reached skill level 5 in Armour
  3118 | D:4      | Reached skill level 5 in Fighting
  3648 | D:5      | Entered Level 5 of the Dungeon
  3911 | D:5      | Reached skill level 6 in Long Blades
  3911 | D:5      | Reached XP level 7. HP: 55/61 MP: 6/6
  4258 | D:6      | Found a white marble altar of Elyvilon.
  4298 | D:6      | Found a sacrificial altar of Ru.
  4298 | D:6      | Found a shimmering altar of Xom.
  4433 | D:6      | Reached skill level 7 in Long Blades
  4471 | D:6      | Reached XP level 8. HP: 21/70 MP: 7/7
  4919 | D:6      | Reached skill level 8 in Long Blades
  5547 | D:7      | Found a hide-covered altar of Uskayaw.
  5596 | D:7      | Noticed Prince Ribbit
  5609 | D:7      | Killed Prince Ribbit
  5609 | D:7      | Reached skill level 9 in Long Blades
  5860 | D:7      | Found a shattered altar of Ashenzari.
  5897 | D:7      | Noticed Joseph
  5923 | D:7      | Killed Joseph
  5923 | D:7      | Reached XP level 9. HP: 30/80 MP: 8/8
  6138 | D:7      | Found a hazy altar of Hepliaklqana.
  6142 | D:7      | Found the +2 robe of Vines {NoPotionHeal Regen+7}
  6385 | D:7      | Found a staircase to the Ecumenical Temple.
  6386 | D:7      | Found a burning altar of Makhleb.
  6406 | Temple   | Entered the Ecumenical Temple
  6451 | Temple   | Became a worshipper of Warmaster Okawaru
  6683 | D:8      | Reached skill level 10 in Long Blades
  6831 | D:8      | Found an ornate altar of the Wu Jian Council.
  6839 | D:8      | Found a glowing silver altar of Zin.
  6898 | D:8      | Reached skill level 1 in Invocations
  7206 | D:8      | Noticed a two-headed ogre
  7220 | D:8      | Killed a two-headed ogre
  7220 | D:8      | Reached * piety under Okawaru
  7613 | D:8      | Reached skill level 11 in Long Blades
  7705 | D:8      | Found an ancient bone altar of Kikubaaqudgha.
  7946 | D:9      | Found a staircase to the Lair.
  8658 | D:9      | You fall through a shaft for 3 floors!
  8685 | D:12     | Noticed a troll
  8685 | D:12     | Noticed a cyan ugly thing
  8698 | D:12     | Killed a cyan ugly thing
  8698 | D:12     | Reached ** piety under Okawaru
  8698 | D:12     | Reached XP level 10. HP: 42/91 MP: 11/11
  9128 | D:12     | Found a runed door.
  9129 | D:12     | Noticed inmateoo's ghost (journeyman VSAK)
  9159 | D:12     | Noticed a two-headed ogre
  9174 | D:12     | Killed a two-headed ogre
  9174 | D:12     | Reached *** piety under Okawaru
  9174 | D:12     | Reached skill level 12 in Long Blades
  9364 | D:12     | Noticed a cyclops
  9380 | D:12     | Killed a cyclops
  9604 | D:12     | Noticed a brown ugly thing
  9621 | D:12     | Killed a brown ugly thing
  9729 | D:12     | Found a portal to a secret trove of treasure.
 10200 | D:12     | Reached skill level 5 in Invocations
 10415 | D:11     | Noticed a two-headed ogre
 10424 | D:11     | Killed a two-headed ogre
 10424 | D:11     | Reached **** piety under Okawaru
 10424 | D:11     | Reached skill level 10 in Fighting
 10424 | D:11     | Reached skill level 13 in Long Blades
 10424 | D:11     | Reached skill level 10 in Armour
 10424 | D:11     | Reached XP level 11. HP: 52/99 MP: 13/13
 10540 | D:11     | Noticed a two-headed ogre
 10551 | D:11     | Killed a two-headed ogre
 11213 | D:11     | Reached ***** piety under Okawaru
 11296 | D:11     | Noticed a five-headed hydra
 11324 | D:11     | Killed a 15-headed hydra
 11324 | D:11     | Reached skill level 14 in Long Blades
 11814 | D:11     | Received a gift from Okawaru
 11828 | D:11     | Identified a +0 pair of boots of running (Okawaru gifted it to you on level 11 of the Dungeon)
 11970 | D:10     | Entered Level 10 of the Dungeon
 12400 | D:10     | Found a staircase to the Orcish Mines.
 13152 | Lair:1   | Entered Level 1 of the Lair of Beasts
 13269 | Lair:1   | Reached XP level 12. HP: 100/110 MP: 16/16
 13421 | Lair:1   | Noticed a seven-headed hydra
 13428 | Lair:1   | Killed a seven-headed hydra
 14320 | Lair:1   | Reached skill level 15 in Long Blades
 14576 | Lair:2   | Found a staircase to the Shoals.
 14662 | Lair:2   | Noticed Gastronok
 14678 | Lair:2   | Killed Gastronok
 14916 | Lair:2   | Noticed an eight-headed hydra
 14921 | Lair:2   | Killed an eight-headed hydra
 15602 | Lair:3   | Reached skill level 1 in Evocations
 15632 | Lair:3   | Received a gift from Okawaru
 15821 | Lair:3   | Found a staircase to the Snake Pit.
 16170 | Lair:3   | Reached skill level 16 in Long Blades
 16390 | Lair:3   | Noticed Sonja
 16396 | Lair:3   | Cast into level 2 of the Abyss (Sonja)
 16561 | Abyss:2  | Noticed an angel
 16588 | Abyss:2  | HP: 5/112 [angel/whip of holy wrath (2)]
 16594 | Abyss:2  | HP: 4/112 [angel/whip of holy wrath (19)]
 16595 | Abyss:2  | Slain by an angel

Vault maps used:
D:1:      giann_bridges, hangedman_decor_points, minmay_cut_off
D:2:      nicolae_overflow_crystal_walls, minmay_misc_feat_chi,
          uniq_crazy_yiuf_cottage
D:3:      lemuel_coloured_pillars_altar, gup_sewer_entry_bowl,
          hangedman_decor_riveting
D:4:      first_ration, minmay_misc_feat_rows
D:6:      elyvilon_altar_4, gammafunk_temple_overflow_wave
D:7:      evilmike_ruin_ashenzari, old_standard_altar,
          overflow_temple_1_default, nicolae_overflow_hidden_temple,
          minmay_temple_entry_butterflies, uniq_joseph, uniq_prince_ribbit1
D:8:      kennysheep_mini_moat, overflow_temple_1_default, old_standard_altar,
          hangedman_little_slice_of_home, hex_medium
D:9:      minmay_lair_entry_lava, serial_bayou_pond_d
D:10:     erik_orc_4
D:11:     lab_entry_generic
D:12:     ebering_ghost_inner_flame, enter_trove_2
Temple:   eino_wide_crystal_templ
Lair:2:   minmay_shoals_entry_centaurs, uniq_gastronok
Lair:3:   mu_elephants_graveyard, minmay_snake_entry_guardpost_small, uniq_sonja
Abyss:2:  hangedman_decor_peaks_small
Sewer:    sewer_kobolds

Skill      XL: |  1  2  3  4  5  6  7  8  9 10 11 12 |
---------------+-------------------------------------+-----
Long Blades    | 3 4 5 6 7 9 11 13 14 16 | 16.0
Dodging        | 1 2 3 4 |  4.0
Fighting       | 4 5 6 7 9 10 11 12 | 12.3
Armour         | 4 5 6 7 9 10 11 12 | 12.2
Shields        | 4 |  4.0
Invocations    | 3 5 6 8 |  8.3
Evocations     | 2 |  2.3

Action                   |  1- 3 |  4- 6 |  7- 9 | 10-12 || total
-------------------------+-------+-------+-------+-------++-------
Melee: Long sword        |    96 |   203 |   318 |   704 ||  1321
       Headbutt          |     9 |    34 |    65 |   149 ||   257
Invok: Heroism           |       |       |       |    13 ||    13
Evoke: Wand              |       |       |     2 |     6 ||     8
  Use: Potion            |       |     2 |     2 |     4 ||     8
       Scroll            |       |    13 |     6 |     5 ||    24
  Eat: Chunk             |       |     7 |    11 |    23 ||    41
       Ration            |       |     1 |     1 |     1 ||     3
Armor: Scale mail        |    61 |    81 |    96 |   235 ||   473
       Skin              |       |     8 |       |       ||     8
Dodge: Dodged            |    39 |    68 |   124 |   342 ||   573
Block: Shield            |    57 |    47 |       |       ||   104
       Buckler           |       |    25 |    65 |   195 ||   285
       Rpst.: Long sword |     9 |    11 |    30 |    83 ||   133

Table legend:
 A = Spawn XP
 B = Non-spawn XP
 C = Spawn XP percentage of total XP
 D = Spawn monster count
 E = Non-spawn monster count
 F = Spawn count percentage of total count
 G = Total turns spent on level
                    A         B        C        D         E        F      G
               +---------+---------+-------+---------+---------+-------+---------
         Total |       0 |   37998 |   0.0 |       0 |     381 |   0.0 | 16595
               +---------+---------+-------+---------+---------+-------+---------
           D:1 |       0 |      46 |   0.0 |       0 |      23 |   0.0 |   568
           D:2 |       0 |     108 |   0.0 |       0 |      21 |   0.0 |  1269
           D:3 |       0 |      83 |   0.0 |       0 |      20 |   0.0 |   626
           D:4 |       0 |     249 |   0.0 |       0 |      15 |   0.0 |   985
           D:5 |       0 |     322 |   0.0 |       0 |      20 |   0.0 |   585
           D:6 |       0 |    1102 |   0.0 |       0 |      23 |   0.0 |  1197
           D:7 |       0 |    1192 |   0.0 |       0 |      20 |   0.0 |  1190
           D:8 |       0 |    1627 |   0.0 |       0 |      30 |   0.0 |  1216
           D:9 |       0 |     550 |   0.0 |       0 |       8 |   0.0 |   939
          D:10 |       0 |    2669 |   0.0 |       0 |      49 |   0.0 |  1012
          D:11 |       0 |    7849 |   0.0 |       0 |      54 |   0.0 |  1553
          D:12 |       0 |    5016 |   0.0 |       0 |      24 |   0.0 |  1759
        Lair:1 |       0 |    4647 |   0.0 |       0 |      22 |   0.0 |  1339
        Lair:2 |       0 |    5137 |   0.0 |       0 |      14 |   0.0 |  1067
        Lair:3 |       0 |    6248 |   0.0 |       0 |      23 |   0.0 |   838
       Abyss:2 |       0 |    1035 |   0.0 |       0 |       4 |   0.0 |   199
         Sewer |       0 |     118 |   0.0 |       0 |      11 |   0.0 |   200
               +---------+---------+-------+---------+---------+-------+---------
